 Dungeon Crawl Stone Soup version 0.17-a0-473-gfd9ac06 (webtiles) character file.

3195 Ololoev the Carver (level 9, -8/63 HPs)
             Began as a Mummy Chaos Knight on Apr 7, 2015.
             Mangled by a crocodile (9 damage)
             ... on level 8 of the Dungeon.
             The game lasted 00:27:52 (9480 turns).

Ololoev the Carver (Mummy Chaos Knight)             Turns: 9480, Time: 00:27:52

Health: -8/63      AC: 18    Str: 17    XL:     9   Next: 64%
Magic:  12/12      EV: 11    Int: 11    God:    Xom [..*...]
Gold:   448        SH:  5    Dex: 14    Spells: 0 memorised, 8 levels left

rFire  x . .     SeeInvis .     a - +1 falchion (chaos)
rCold  + . .     Clarity  .     d - +3 leather armour {rPois}
rNeg   + + +     SustAb   .     o - +0 buckler
rPois  ∞         Gourm    .     j - +1 helmet
rElec  .         Spirit   .     n - +2 cloak
rCorr  .         Warding  .     h - +0 pair of gloves
rMut   .         Stasis   .     k - +2 pair of boots
MR     +....                    (no amulet)
Stlth  +.........               p - +2 ring of dexterity
                                f - +3 ring of protection

@: somewhat resistant to hostile enchantments, very unstealthy
A: no food or potions, fire vulnerability, cold resistance 1, negative energy
resistance 3, torment resistance, unbreathing
a: Renounce Religion


Innate Abilities, Weirdness & Mutations

You do not eat or drink.
Your flesh is vulnerable to fire.
You are immune to poison.
Your flesh is cold resistant.
You are immune to negative energy.
You are immune to unholy pain and torment.
You can survive without breathing.

Inventory:

Hand weapons
 a - a +1 falchion of chaos (weapon)
 b - a +0 blowgun
 u - a cursed +2 great sword of freezing
Missiles
 s - 2 curare-tipped needles
Armour
 d - a +3 leather armour of poison resistance (worn)
 h - a +0 pair of gloves (worn)
 j - a +1 helmet (worn)
 k - a +2 pair of boots (worn)
 n - a +2 cloak (worn)
 o - a +0 buckler (worn)
 t - a +1 plate armour of magic resistance
Magical staves
 r - an uncursed staff of wizardry
Jewellery
 f - a +3 ring of protection (left hand)
 p - a +2 ring of dexterity (right hand)
Magical devices
 i - a wand of fire (3)
Scrolls
 c - 2 scrolls of enchant weapon
 e - 3 scrolls of remove curse
 g - 3 scrolls of teleportation
 l - 3 scrolls of amnesia
 m - 2 scrolls of magic mapping
 q - a scroll of fog


   Skills:
 - Level 3.0 Fighting
 + Level 9.3 Long Blades
 * Level 2.1 Armour
 - Level 0.7 Dodging
 - Level 5.0 Shields
 - Level 4.3 Evocations


You had 8 spell levels left.
You didn't know any spells.


You were on level 8 of the Dungeon.
You worshipped Xom.
You were a toy of Xom.
You were not hungry.

You visited 1 branch of the dungeon, and saw 8 of its levels.

You collected 448 gold pieces.

#
#...........#.......#####.#
.#
#.###........#....)......##
.# #..
###..#..##....))...#..# .#
##.# #..###.###..##...##..#
...#....####.## #.#
#..##...###.# .#. #......#
.# ##.......##.. ##
####...# .## #...........
##..####..##..##..###..#
#..#..#@t.....#..## ##.#
#.#####...#####..## ###..
..# ##### ### #.... #.#
###.< ## ### #

Notes
Turn   | Place    | Note
--------------------------------------------------------------
     0 | D:1      | Ololoev, the Mummy Chaos Knight, began the quest for the Orb.
     0 | D:1      | Reached XP level 1. HP: 18/18 MP: 1/1
   482 | D:1      | Reached XP level 2. HP: 5/24 MP: 2/2
   982 | D:1      | XOM: silly message
  1064 | D:2      | XOM: silly message
  1120 | D:2      | Reached XP level 3. HP: 26/29 MP: 3/3
  1382 | D:2      | Reached skill level 4 in Long Blades
  1700 | D:2      | Reached XP level 4. HP: 35/35 MP: 4/4
  2008 | D:3      | XOM: silly message
  2033 | D:3      | XOM: mild Air miscast
  2124 | D:3      | Found a stormy altar of Qazlal.
  2447 | D:3      | Found a radiant altar of Vehumet.
  2462 | D:3      | XOM: silly message
  2701 | D:3      | XOM: mild Chrm miscast
  2986 | D:4      | Reached XP level 5. HP: 41/41 MP: 5/5
  3152 | D:4      | Noticed Sigmund
  3186 | D:4      | Noticed hornqvist's ghost (average OgBe)
  3187 | D:4      | XOM: divination: detect creatures
  3194 | D:4      | Killed Sigmund
  3194 | D:4      | Reached skill level 5 in Long Blades
  3194 | D:4      | Reached skill level 1 in Evocations
  3194 | D:4      | Reached XP level 6. HP: 22/47 MP: 5/7
  3199 | D:4      | Noticed Edmund
  3413 | D:4      | XOM: mild Chrm miscast
  3467 | D:4      | XOM: colour smoke trail
  3509 | D:4      | XOM: harmless Ice miscast
  3522 | D:4      | XOM: medium Divn miscast
  3524 | D:4      | Killed Edmund
  3599 | D:4      | Killed hornqvist's ghost
  3599 | D:4      | Reached skill level 6 in Long Blades
  3599 | D:4      | Reached XP level 7. HP: 5/52 MP: 8/8
  3676 | D:4      | XOM: mild Necr miscast
  3880 | D:4      | XOM: mild Erth miscast
  3899 | D:4      | Noticed Blork the orc
  3907 | D:4      | Killed Blork the orc
  3939 | D:4      | XOM: confuse monster(s)
  4205 | D:4      | XOM: medium Trmt miscast
  4211 | D:4      | XOM: vitrification
  4257 | D:5      | Entered Level 5 of the Dungeon
  4262 | D:5      | XOM: vitrification
  4281 | D:5      | XOM: god gift: square blue amulet {god gift}
  4306 | D:5      | Noticed Menkaure
  4317 | D:5      | XOM: summons friendly ufetubus
  4320 | D:5      | Killed Menkaure
  4320 | D:5      | Reached skill level 7 in Long Blades
  4351 | D:5      | XOM: colour smoke trail
  4467 | D:5      | XOM: colour smoke trail
  4611 | D:5      | XOM: 1-stop teleportation journey
  4843 | D:5      | XOM: polymorph giant frog -> worker ant
  4845 | D:5      | Reached skill level 1 in Shields
  4997 | D:5      | Noticed rocketboy's ghost (experienced MiBe)
  5079 | D:6      | Reached XP level 8. HP: 56/58 MP: 9/9
  5093 | D:6      | XOM: vitrification
  5103 | D:6      | XOM: 4-stop teleportation journey
  5250 | D:6      | Found a shadowy altar of Dithmenos.
  5276 | D:6      | XOM: 1-stop teleportation journey
  5595 | D:6      | XOM: god gift: 11 sling bullets of frost
  5611 | D:6      | XOM: 1-stop teleportation journey
  5629 | D:6      | XOM: swap weapons
  5683 | D:6      | XOM: colour smoke trail
  5876 | D:6      | XOM: blink monster(s)
  5883 | D:6      | XOM: harmless Pois miscast
  5897 | D:6      | Reached skill level 8 in Long Blades
  6157 | D:6      | XOM: confuse monster(s)
  6624 | D:7      | Noticed Prince Ribbit
  6629 | D:7      | XOM: potion effect (curing)
  6633 | D:7      | XOM: 1-stop teleportation journey
  6759 | D:7      | XOM: swap monsters
  6842 | D:7      | XOM: smoke on damage
  6915 | D:7      | XOM: blink monster(s)
  6939 | D:7      | XOM: blink monster(s)
  6999 | D:7      | Reached XP level 9. HP: 32/63 MP: 11/11
  7072 | D:7      | XOM: summons 1 hostile demon
  7448 | D:7      | XOM: 2-stop teleportation journey
  7484 | D:7      | XOM: enchant monster (bad)
  7490 | D:7      | XOM: medium Summ miscast
  7863 | D:7      | XOM: noise
  7875 | D:7      | Killed Prince Ribbit
  7875 | D:7      | Reached skill level 5 in Shields
  7924 | D:7      | Found a staircase to the Ecumenical Temple.
  8000 | D:7      | XOM: colour smoke trail
  8007 | D:7      | XOM: mild Conj miscast
  8045 | D:7      | Reached skill level 9 in Long Blades
  8047 | D:7      | Found a bloodstained altar of Trog.
  8657 | D:8      | XOM: harmless Summ miscast
  8742 | D:8      | XOM: noise
  8812 | D:8      | XOM: blink monster(s)
  8831 | D:8      | XOM: mild Summ miscast
  9152 | D:8      | XOM: summons 4 hostile demons
  9255 | D:8      | Noticed Jessica
  9262 | D:8      | Found a deep blue altar of Sif Muna.
  9294 | D:8      | XOM: swap weapons
  9479 | D:8      | HP: 1/63 [crocodile (13)]
  9480 | D:8      | XOM: harmless Chrm miscast
  9480 | D:8      | Mangled by a crocodile

Dungeon Overview and Level Annotations

Branches:
Dungeon (8/15)             Temple (0/1) D:7
   Lair: D:8-11

Altars:
Dithmenos
Qazlal
Sif Muna
Trog
Vehumet

Annotations:
D:5 rocketboy's ghost, experienced MiBe
D:8 Jessica


Message History

You are too injured to fight recklessly!
You are too injured to fight recklessly!
You are too injured to fight recklessly!
You are too injured to fight recklessly!
You are too injured to fight recklessly!
You are too injured to fight recklessly!
You are too injured to fight recklessly!
You are too injured to fight recklessly!
You are too injured to fight recklessly!
You are too injured to fight recklessly!
You are too injured to fight recklessly!
You are too injured to fight recklessly!
You are too injured to fight recklessly!
You are too injured to fight recklessly!
You are too injured to fight recklessly!
You are too injured to fight recklessly!
You are too injured to fight recklessly!
You barely miss the crocodile.
The crocodile is severely wounded.
The crocodile closely misses you.
You hit the crocodile but do no damage.
The crocodile is severely wounded.
The crocodile is no longer moving slowly.
The crocodile bites you but does no damage.
You hit the crocodile. You burn the crocodile.
The crocodile is almost dead.
The crocodile barely misses you.
You barely miss the crocodile.
The crocodile is almost dead.
The crocodile bites you!
You hit the crocodile.
The crocodile is poisoned.
The air around you crackles with energy!
The crocodile is almost dead.
You block the crocodile's attack. The crocodile bites you!
Xom thinks this is hilarious!
Your leather armour prevents you from hitting the crocodile.
The crocodile is almost dead.
You hear Xom's maniacal laughter.
The crocodile bites you!
You die...

You could see a crocodile.

Vanquished Creatures
  Prince Ribbit (D:7)
  Sigmund (D:4)
  Menkaure (D:5)
  A hippogriff (D:7)
  2 orc warriors
  An ice beast (D:6)
  2 phantoms (D:6)
  3 ogres
  2 centaurs
  Blork the orc (D:4)
  A big kobold (D:7)
  A wyvern skeleton (D:7)
  2 scorpions
  5 wights
  A hound (D:4)
  A goliath beetle (D:7)
  3 orc priests
  2 crimson imps
  2 giant frog skeletons (D:6)
  7 orc wizards
  2 centaur skeletons
  2 killer bee zombies
  3 iguanas
  2 quasits
  3 worker ants
  A hound zombie (D:6)
  A mummy (D:6)
  A worker ant zombie (D:8)
  3 gnolls (D:6)
  10 adders
  4 shadow imps
  3 white imps
  4 worms
  6 giant geckos
  17 orcs
  5 bats
  2 bat skeletons
  8 giant cockroaches
  2 gnoll zombies (D:6)
  15 goblins
  14 hobgoblins
  11 jackals
  5 quokkas
  2 ball pythons
  3 giant newts
  12 kobolds
  A quokka zombie (D:6)
  11 rats
193 creatures vanquished.

Vanquished Creatures (collateral kills)
  The ghost of hornqvist the Basher, an average OgBe of Trog (D:4)
  Edmund (D:4)
2 creatures vanquished.

Vanquished Creatures (others)
  A giant spore (D:7)
  2 plants (D:7)
3 creatures vanquished.

Grand Total: 198 creatures vanquished

Action                   |  1- 3 |  4- 6 |  7- 9 || total
-------------------------+-------+-------+-------++-------
Melee: Falchion          |   102 |   165 |   575 ||   842
       Whip              |       |       |    41 ||    41
       Dagger            |       |       |    10 ||    10
 Fire: Blowgun           |       |       |     2 ||     2
Evoke: Wand              |       |     4 |     3 ||     7
  Use: Scroll            |     4 |     2 |     7 ||    13
 Stab: Confused          |     1 |       |     4 ||     5
       Paralysed         |       |     4 |    13 ||    17
       Petrifying        |       |       |     3 ||     3
       Petrified         |       |       |     1 ||     1
       Invisible         |       |       |     3 ||     3

Vault maps used:
D:1:      mrwooster_arrival_statue_3
D:2:      st_stairs_14, dk_noncrumbling_3, serial_bayou_pond_a,
          patterned_corridor
D:3:      fiery_altar_vehumet, old_standard_altar, kennysheep_another_room,
          minmay_misc_feat_x
D:4:      serial_co_window_serial, co_window_paths_a,
          co_window_of_opportunity_a, co_window_corner_a,
          co_window_of_opportunity_a, co_window_cross_1, co_window_paths_c,
          co_window_broadway_c, co_window_of_opportunity_c, co_window_4corner_b,
          first_bread, minmay_goblin_kobold_house, uniq_blork_the_orc,
          uniq_sigmund, uniq_edmund
D:5:      uniq_pikel, uniq_menkaure
D:6:      kennysheep_mini_moat, dk_vineyard_3
D:7:      old_standard_altar, minmay_temple_entry_hall, kennysheep_boxes,
          uniq_prince_ribbit1
D:8:      grunt_temple_overflow_champion_of_chaos, tgw_sif
